 Dungeon Crawl Stone Soup version 0.30.0-30-g96aa6591b8 (webtiles) character file.

Game seed: 3092372740716032856

769 AiryTheDragon the Trooper (level 7, -5/54 HPs)
             Began as a Demonspawn Gladiator on June 30, 2023.
             Slain by a river rat (6 damage)
             ... on level 5 of the Dungeon.
             The game lasted 01:05:39 (4760 turns).

AiryTheDragon the Trooper (Demonspawn Gladiator)    Turns: 4760, Time: 01:05:40

Health: -5/54      AC:  9    Str: 13    XL:     7   Next: 52%
Magic:  2/9        EV: 10    Int: 13    God:
Gold:   208        SH:  0    Dex: 18    Spells: 8/9 levels left

rFire   + . .        i - +0 hand axe
rCold   + + .        (no shield)
rNeg    . . .        s - +0 scale mail
rPois   +            (helmet restricted)
rElec   +            (no cloak)
rCorr   +            (no gloves)
SInv    .            q - +1 pair of boots
Will    .....        (no amulet) Stlth
                     (no ring)
HPRegen 0.29/turn    (no ring)
MPRegen 0.11/turn

%: no passive effects
@: resistant, very slightly contaminated, studying Fighting
A: antennae 2, big brain 1, agile 1, cold resistance 1, shaggy fur 1
a: no special abilities


You were on level 5 of the Dungeon.
You visited 2 branches of the dungeon, and saw 7 of its levels.

You collected 300 gold pieces.
You spent 92 gold pieces at shops.

Inventory:

Hand Weapons
 a - a +0 rapier
 e - a +1 dagger of speed
 i - a +0 hand axe (weapon)
Missiles
 d - a throwing net (quivered)
 m - 4 poisoned darts
 r - 3 silver boomerangs
Armour
 p - an orb of guile
 q - a +1 pair of boots (worn)
 s - a +0 scale mail (worn)
Scrolls
 f - a scroll of amnesia
Potions
 c - a potion of resistance
 o - 2 potions of attraction


   Skills:
 + Level 4.2 Fighting
 + Level 3.6 Short Blades
 + Level 2.8 Axes
 + Level 2.2 Throwing
 + Level 3.1 Armour
 + Level 3.8 Dodging
 + Level 0.2 Stealth
 * Level 1.9 Spellcasting
 * Level 2.0 Conjurations
 + Level 0.4 Fire Magic
 + Level 0.5 Evocations


You had 8 spell levels left.
You knew the following spells:

 Your Spells              Type           Power      Damage    Failure   Level
a - Foxfire               Conj/Fire      16%        2x1d4     56%         1

Your spell library contained the following spells:

 Spells                   Type           Power      Damage    Failure   Level
 Silence                  Hex/Air        0%         N/A       100%        5
 Plasma Beam              Fire/Air       0%         2x1d11    100%        6


Dungeon Overview and Level Annotations

Branches:
Dungeon (6/15)             Temple (1/1) D:4

Altars:
Ashenzari
Cheibriados
Dithmenos
Fedhas
Gozag
Hepliaklqana
Kikubaaqudgha
Makhleb
Nemelex Xobeh
Okawaru
Qazlal
Ru
Sif Muna
Trog
Uskayaw
Vehumet
Wu Jian
Xom
Yredelemnul

Shops:
D:2 [   D:4 *   D:6 *

Annotations:
D:6 Pikel


Innate Abilities, Weirdness & Mutations

You have a pair of antennae on your head.
You have an unusually large brain. (Int +2)
You are agile. (Dex +4, Str/Int -1)
Your flesh is cold resistant. (rC+)
You are covered in fur. (AC +1)


Message History

The phantom hits you but does no damage.
The hound closely misses you.
Throw: 3 boomerangs (silver)
Press: ? - help, Shift-Dir - straight line, f/p - phantom
Aim: a phantom (almost destroyed, 54% to hit)
You throw a silver boomerang. The silver boomerang hits the phantom!
You destroy the phantom!
The hound bites you but does no damage. The hound bites you.
* * * LOW HITPOINT WARNING * * *
Your Conjurations skill increases to level 2!
Throw: 2 throwing nets
Press: ? - help, Shift-Dir - straight line, f - hound
Aim: a hound (lightly wounded, 54% to hit)
You throw a throwing net.
The throwing net barely misses the hound.
The hound bites you but does no damage.
Okay, then.
Okay, then.
Okay, then.
You hit the hound.
The hound is moderately wounded.
The hound bites you but does no damage. x2
You hit the hound.
The hound is moderately wounded.
The hound bites you but does no damage.
You hit the hound but do no damage.
The hound is moderately wounded.
The hound bites you but does no damage. The hound misses you.
The river rat misses you. The river rat bites you.
* * * LOW HITPOINT WARNING * * *
Unknown command.
You closely miss the river rat. You hit the hound.
You barely miss the river rat. The hound bites you but does no damage.
The hound barely misses you.
The river rat bites you but does no damage. x2
Casting: Foxfire (safe; 56% risk of failure)
Confirm with . or Enter, or press ? or * to list all spells.
You conjure some foxfire!
The hound bites you but does no damage. The river rat bites you.
You die...

#.# #.##.##.....#
.#.##<#..##†###.##
#..................
######'#########.
#.# ... #.## ..
#..##J# ##.
#..r#h#...'.
#.#v@r...#
#..##v##o##
#....### ...### {
###. ##


You could see a hound, a jelly, 2 river rats and an orc.

Vanquished Creatures
  A phantom (D:5)
  4 scorpions
  A vampire bat (D:5)
  An orc priest (D:6)
  3 hounds
  A jelly (D:5)
  An iguana (D:6)
  An orc wizard (D:5)
  2 river rats
  7 adders
  A white imp (D:6)
  2 ufetubi
  2 worms (D:4)
  7 dart slugs
  10 orcs
  12 bats
  2 bat zombies (D:2)
  3 endoplasms
  A giant cockroach (D:1)
  8 goblins
  8 hobgoblins
  7 kobolds
  3 quokkas
  5 ball pythons
  A ball python zombie (D:2)
  4 frilled lizards
  A giant cockroach zombie (D:2)
  A quokka skeleton (D:2)
  8 rats
108 creatures vanquished.

Vanquished Creatures (others)
  15 foxfires
15 creatures vanquished.

Grand Total: 123 creatures vanquished

Notes
Turn   | Place    | Note
-------+----------+-------------------------------------------
     0 | D:1      | AiryTheDragon the Demonspawn Gladiator began the quest for
                  | the Orb.
     0 | D:1      | Reached XP level 1. HP: 16/16 MP: 1/1
   249 | D:1      | Gained mutation: You have a pair of small antennae on your
                  | head. [demonic ancestry]
   249 | D:1      | Reached XP level 2. HP: 17/22 MP: 2/2
   472 | D:1      | You fall into a shaft and drop 1 floor!
   528 | D:2      | Found Onyema's Armour Shoppe.
   876 | D:1      | Reached XP level 3. HP: 28/28 MP: 3/3
  1268 | D:2      | Reached skill level 1 in Armour
  1579 | D:3      | Found an ornate altar of the Wu Jian Council.
  1615 | D:3      | Gained mutation: You have a pair of antennae on your head.
                  | [demonic ancestry]
  1615 | D:3      | Reached XP level 4. HP: 26/34 MP: 4/4
  1740 | D:3      | Noticed a scorpion
  1775 | D:3      | Killed a scorpion
  1776 | D:3      | Reached skill level 1 in Axes
  1776 | D:3      | Reached XP level 5. HP: 40/40 MP: 5/5
  2081 | D:3      | Found an iron altar of Okawaru.
  2082 | D:3      | Found a radiant altar of Vehumet.
  2096 | D:3      | Got the Compendium of Hexing Ignition
  2099 | D:3      | Learned a level 1 spell: Foxfire
  2211 | D:3      | Gained mutation: Your flesh is cold resistant. (rC+)
                  | [potion of mutation]
  2211 | D:3      | Gained mutation: You are covered in fur. (AC +1) [potion of
                  | mutation]
  2211 | D:3      | Gained mutation: You are agile. (Dex +4, Str/Int -1)
                  | [potion of mutation]
  2435 | D:4      | Found Ecaigufe's Overcharged Wands.
  2491 | D:4      | Found a staircase to the Ecumenical Temple.
  2508 | Temple   | Entered the Ecumenical Temple
  3123 | D:4      | Reached skill level 3 in Fighting
  3123 | D:4      | Gained mutation: You have an unusually large brain. (Int
                  | +2) [demonic ancestry]
  3123 | D:4      | Reached XP level 6. HP: 38/47 MP: 5/7
  3373 | D:4      | Reached skill level 1 in Spellcasting
  3373 | D:4      | Reached skill level 1 in Conjurations
  3740 | D:5      | Entered Level 5 of the Dungeon
  3917 | D:5      | Noticed an ice beast
  3966 | D:6      | Found Woicker's Elemental Accessories.
  4014 | D:6      | Bought a wand of flame (12) for 92 gold pieces
  4141 | D:6      | Noticed Pikel
  4219 | D:6      | Found an opulent altar of Gozag.
  4287 | D:5      | Reached XP level 7. HP: 49/52 MP: 9/9
  4338 | D:5      | Identified a scroll of acquirement
  4338 | D:5      | Acquired a manual of Fighting
  4684 | D:5      | Reached skill level 4 in Fighting
  4758 | D:5      | HP: 1/54 [river rat (6)]
  4760 | D:5      | Slain by a river rat

Illustrated notes

Levels and vault maps discovered:
D:1:      minmay_arrival_diagonal_passages, layout_loops_corners
D:2:      layout_basic, serial_shops, shop, serial_undead, serial_undead_b,
          serial_undead_a, serial_undead_a, serial_undead_c
D:3:      layout_rooms, grunt_temple_overflow_open,
          hangedman_decor_clover_reticule, nicolae_half_adder
D:4:      layout_layer_cave, minmay_temple_entry_statues_pillars,
          nicolae_shop_overcharged_wands
D:5:      lemuel_ratsnest, layout_loops_ring, minivault_1, roderic_batcave,
          nicolae_sextant, minmay_pentangle
D:6:      layout_loops_ring, grunt_gozag_breadcrumbs, nicolae_elemental_shop,
          kennysheep_generic_room_9, uniq_blork_the_orc, uniq_pikel
Temple:   nicolae_temple_two_arcs

Skill      XL: |  1  2  3  4  5  6  7 |
---------------+----------------------+-----
Short Blades   | 3 |  3.6
Armour         | 1 2 3 |  3.1
Dodging        | 3 |  3.8
Axes           | 1 2 |  2.8
Throwing       | 2 |  2.2
Fighting       | 3 4 |  4.2
Spellcasting   | 1 |  1.9
Conjurations   | 1 2 |  2.0
Stealth        | |  0.2
Fire Magic     | |  0.4
Evocations     | |  0.5

Action                     |  1- 3 |  4- 6 |  7- 9 || total
---------------------------+-------+-------+-------++-------
  Melee: Rapier            |   133 |    15 |       ||   148
         Punch             |     2 |     2 |       ||     4
         Hand axe          |    45 |   209 |    94 ||   348
  Throw: Dart              |       |    17 |       ||    17
         Javelin           |       |     4 |       ||     4
         Boomerang         |       |     1 |     2 ||     3
         Throwing net      |       |       |     2 ||     2
   Cast: Foxfire           |       |     5 |     5 ||    10
  Evoke: Wand              |       |     7 |     5 ||    12
    Use: Scroll            |       |     9 |     5 ||    14
         Potion            |       |     7 |     4 ||    11
 Armour: Leather armour    |    66 |    19 |       ||    85
         Scale mail        |       |   109 |    60 ||   169
         Chain mail        |       |     2 |       ||     2
         Skin              |       |       |    27 ||    27
  Dodge: Dodged            |   126 |   194 |    60 ||   380
